[ AOE2 MATCH · #481538403 ]
Team RMTeutons vs Magyars
[ REPLAY ANALYSIS · EXTRACTED FROM THE RECORDED GAME ]
Feudal
14:14
Castle
26:00
Imperial
35:38
| APM avg | 29.1 |
| APM peak | 61 |
| eAPM avg | 19.3 |
| Villagers / military | 125 / 106 |
Focus
⚔️ 42.3% · 🌾 57.7%
Spearman ×46 · Teutonic Knight ×25 · Knight ×24 · Trade Cart ×5 · Bombard Cannon ×4 · Militia ×3
Feudal
10:52
Castle
23:57
Imperial
35:23
| APM avg | 10.7 |
| APM peak | 34 |
| eAPM avg | 8.7 |
| Villagers / military | 84 / 120 |
Focus
⚔️ 23.8% · 🌾 76.2%
Woad Raider ×119 · Monk ×1
Feudal
—
Castle
—
Imperial
—
| APM avg | 8.6 |
| APM peak | 34 |
| eAPM avg | 6.6 |
| Villagers / military | 70 / 144 |
Focus
⚔️ 36.7% · 🌾 63.3%
Skirmisher ×125 · Knight ×19
Feudal
11:34
Castle
—
Imperial
—
| APM avg | 11.1 |
| APM peak | 62 |
| eAPM avg | 4.0 |
| Villagers / military | 37 / 0 |
Focus
⚔️ 4.5% · 🌾 95.5%
Feudal
11:47
Castle
22:56
Imperial
—
| APM avg | 15.7 |
| APM peak | 44 |
| eAPM avg | 8.3 |
| Villagers / military | 51 / 32 |
Focus
⚔️ 24.9% · 🌾 75.1%
Serjeant ×25 · Spearman ×5 · Battering Ram ×2
Feudal
11:45
Castle
26:57
Imperial
—
| APM avg | 8.4 |
| APM peak | 24 |
| eAPM avg | 6.4 |
| Villagers / military | 44 / 56 |
Focus
⚔️ 37.0% · 🌾 63.0%
Magyar Huszar ×53 · Spearman ×3
Feudal
13:07
Castle
26:16
Imperial
37:27
| APM avg | 17.1 |
| APM peak | 47 |
| eAPM avg | 10.6 |
| Villagers / military | 76 / 111 |
Focus
⚔️ 36.0% · 🌾 64.0%
Knight ×89 · Scout Cavalry ×12 · Trade Cart ×11 · Militia ×10
Feudal
12:55
Castle
16:50
Imperial
—
| APM avg | 6.9 |
| APM peak | 45 |
| eAPM avg | 5.7 |
| Villagers / military | 68 / 0 |
Focus
⚔️ 12.7% · 🌾 87.3%
Match map
Resources at game start + every placement click. Thick line = wall · dashed box = detected house wall. 🟡 gold · ⚪ stone · 🟢 berries · 🔶 boar · ⭕ relic
Inputs per minute
— Twixxo - - AchievingKitKat
Build order — Twixxo
First 150 of 288 actions detected
| 0:12 | Build | House |
| 0:29 | Create | Villager (Male) |
| 0:38 | Build | House |
| 0:43 | Create | Villager (Male) |
| 0:51 | Create | Villager (Male) |
| 0:56 | Create | Villager (Male) |
| 1:03 | Build | House |
| 1:45 | Build | House |
| 2:23 | Create | Villager (Male) |
| 2:24 | Create | Villager (Male) |
| 3:01 | Create | Villager (Male) |
| 3:18 | Create | Villager (Male) |
| 3:41 | Build | House |
| 3:46 | Create | Villager (Male) |
| 4:32 | Create | Villager (Male) |
| 4:45 | Create | Villager (Male) |
| 5:10 | Build | Lumber Camp |
| 5:19 | Create | Villager (Male) |
| 6:01 | Create | Villager (Male) |
| 6:18 | Research | Loom |
| 6:48 | Create | Villager (Male) |
| 6:58 | Build | Mill |
| 8:14 | Build | Mill |
| 8:18 | Create | Villager (Male) |
| 9:16 | Create | Villager (Male) |
| 10:13 | Create | Villager (Male) |
| 10:25 | Create | Villager (Male) |
| 10:34 | Create | Villager (Male) |
| 11:26 | Create | Villager (Male) |
| 11:59 | Build | Farm |
| 12:04 | Research | Feudal Age |
| 12:11 | Build | Mining Camp |
| 12:19 | Build | Mining Camp |
| 12:46 | Build | House |
| 13:05 | Build | Farm |
| 13:07 | Build | Farm |
| 13:09 | Build | Farm |
| 13:25 | Build | Barracks |
| 13:35 | Create | Villager (Male) |
| 14:03 | Create | Villager (Male) |
| 14:05 | Build | House |
| 14:14 | Age | Feudal Age |
| 14:27 | Create | Spearman |
| 14:27 | Create | Spearman |
| 14:28 | Research | Wheelbarrow |
| 14:28 | Create | Villager (Male) |
| 14:29 | Create | Villager (Male) ×3 |
| 15:01 | Build | Building 487 |
| 15:07 | Build | Stone Wall |
| 15:11 | Build | Stone Wall |
| 15:16 | Build | Stone Wall |
| 15:19 | Create | Spearman |
| 15:22 | Create | Villager (Male) |
| 15:23 | Build | Farm |
| 15:25 | Build | Farm |
| 15:26 | Create | Villager (Male) |
| 15:26 | Create | Villager (Male) |
| 15:59 | Create | Villager (Male) |
| 16:28 | Build | Watch Tower |
| 16:50 | Create | Militia |
| 16:54 | Create | Villager (Male) |
| 17:04 | Research | Double-Bit Axe |
| 17:20 | Create | Spearman |
| 17:21 | Research | Man-at-Arms (upgrade) |
| 17:34 | Build | Building 673 |
| 17:36 | Build | Stone Wall |
| 17:38 | Build | Stone Wall |
| 17:54 | Create | Villager (Male) |
| 17:56 | Build | House |
| 17:57 | Build | House |
| 17:59 | Create | Villager (Male) |
| 17:59 | Create | Villager (Male) |
| 17:59 | Research | Horse Collar |
| 18:06 | Create | Villager (Male) |
| 18:46 | Build | Watch Tower |
| 18:50 | Create | Spearman |
| 19:20 | Create | Spearman |
| 19:23 | Create | Villager (Male) |
| 19:30 | Build | Farm |
| 19:33 | Build | Farm |
| 19:38 | Build | Farm |
| 19:50 | Create | Villager (Male) ×5 |
| 20:08 | Create | Villager (Male) |
| 20:15 | Build | Farm |
| 20:19 | Build | Farm |
| 20:20 | Create | Villager (Male) |
| 20:30 | Build | Stable |
| 20:37 | Create | Militia |
| 20:43 | Build | Building 665 |
| 20:44 | Build | Stone Wall |
| 20:47 | Build | Stone Wall |
| 20:49 | Create | Villager (Male) |
| 21:16 | Build | Market |
| 21:30 | Build | Farm |
| 21:31 | Create | Villager (Male) |
| 21:34 | Build | Farm |
| 21:37 | Build | Farm |
| 22:07 | Build | Farm |
| 22:21 | Build | Blacksmith |
| 22:24 | Build | Farm |
| 22:55 | Create | Villager (Male) |
| 22:58 | Build | Farm |
| 23:00 | Research | Castle Age |
| 23:02 | Research | Forging |
| 23:02 | Research | Scale Mail Armor |
| 23:03 | Research | Scale Barding Armor |
| 23:08 | Research | Gold Mining |
| 23:19 | Create | Militia |
| 23:36 | Build | House |
| 23:51 | Build | Mining Camp |
| 23:52 | Create | Villager (Male) |
| 23:58 | Build | House |
| 24:03 | Build | Lumber Camp |
| 24:42 | Build | Market |
| 25:19 | Build | House |
| 25:19 | Build | House |
| 25:20 | Build | House |
| 25:48 | Build | Mill |
| 25:54 | Create | Villager (Male) |
| 26:00 | Age | Castle Age |
| 26:30 | Build | Town Center |
| 26:38 | Create | Villager (Male) |
| 26:38 | Create | Villager (Male) |
| 26:56 | Build | Town Center |
| 27:11 | Create | Villager (Male) |
| 27:34 | Build | Siege Workshop |
| 27:44 | Create | Villager (Male) |
| 27:45 | Create | Villager (Male) |
| 27:48 | Create | Villager (Male) ×5 |
| 27:52 | Build | House |
| 27:53 | Build | House |
| 28:05 | Create | Knight ×4 |
| 28:18 | Create | Villager (Male) ×5 |
| 28:26 | Research | Bow Saw |
| 28:33 | Research | Heavy Plow |
| 28:38 | Build | Mill |
| 29:15 | Research | Hand Cart |
| 29:34 | Research | Arson |
| 29:46 | Build | Monastery |
| 29:55 | Build | Farm |
| 29:59 | Build | Farm |
| 30:01 | Create | Villager (Male) |
| 30:04 | Create | Villager (Male) |
| 30:07 | Create | Villager (Male) |
| 30:08 | Create | Villager (Male) |
| 30:26 | Create | Knight |
| 30:37 | Create | Villager (Male) |
| 30:44 | Build | House |
| 30:45 | Build | House |
| 30:47 | Build | Farm |
Build order — AchievingKitKat
First 150 of 246 actions detected
| 0:13 | Build | House |
| 0:15 | Build | House |
| 0:16 | Build | House |
| 0:18 | Build | House |
| 0:27 | Research | Loom |
| 0:27 | Create | Villager (Male) ×4 |
| 1:49 | Build | Mill |
| 2:06 | Create | Villager (Male) |
| 2:06 | Create | Villager (Male) |
| 2:48 | Create | Villager (Male) |
| 2:48 | Create | Villager (Male) |
| 3:19 | Create | Villager (Male) |
| 3:19 | Create | Villager (Male) |
| 3:54 | Create | Villager (Male) |
| 3:54 | Create | Villager (Male) |
| 4:01 | Create | Villager (Male) |
| 5:06 | Create | Villager (Male) |
| 5:07 | Create | Villager (Male) |
| 5:07 | Create | Villager (Male) |
| 5:07 | Create | Villager (Male) |
| 7:09 | Build | Lumber Camp |
| 8:10 | Create | Villager (Male) |
| 8:42 | Research | Feudal Age |
| 9:48 | Build | Mining Camp |
| 10:29 | Build | Mining Camp |
| 10:52 | Age | Feudal Age |
| 10:56 | Research | Wheelbarrow |
| 11:10 | Build | Stone Wall |
| 11:15 | Build | Building 487 |
| 11:22 | Research | Double-Bit Axe |
| 11:43 | Research | Horse Collar |
| 11:47 | Research | Town Watch |
| 11:49 | Create | Villager (Male) |
| 11:49 | Create | Villager (Male) |
| 11:49 | Create | Villager (Male) |
| 11:49 | Create | Villager (Male) |
| 11:49 | Create | Villager (Male) |
| 11:50 | Create | Villager (Male) |
| 11:50 | Create | Villager (Male) |
| 13:45 | Build | Market |
| 14:05 | Build | Blacksmith |
| 14:43 | Build | Barracks |
| 15:23 | Build | Mill |
| 15:58 | Build | Farm |
| 16:02 | Create | Villager (Male) |
| 16:02 | Create | Villager (Male) |
| 16:02 | Create | Villager (Male) |
| 16:03 | Create | Villager (Male) |
| 16:03 | Create | Villager (Male) |
| 16:03 | Create | Villager (Male) |
| 17:04 | Build | House |
| 17:05 | Build | House |
| 17:05 | Build | House |
| 17:11 | Build | Farm |
| 17:23 | Build | Farm |
| 17:24 | Build | Farm |
| 17:28 | Build | Farm |
| 18:08 | Build | Farm |
| 18:10 | Build | Farm |
| 18:13 | Build | Farm |
| 18:14 | Build | Farm |
| 18:24 | Build | Farm |
| 19:41 | Research | Gold Mining |
| 19:41 | Research | Stone Mining |
| 19:49 | Build | Farm |
| 20:17 | Build | Farm |
| 20:18 | Build | Farm |
| 20:29 | Create | Villager (Male) |
| 21:03 | Build | Farm |
| 21:17 | Research | Castle Age |
| 23:57 | Age | Castle Age |
| 24:01 | Build | University |
| 24:10 | Build | Town Center |
| 24:22 | Build | Town Center |
| 24:31 | Research | Bow Saw |
| 25:03 | Research | Treadmill Crane |
| 25:17 | Create | Villager (Male) |
| 25:17 | Create | Villager (Male) |
| 25:17 | Create | Villager (Male) |
| 25:18 | Create | Villager (Male) |
| 25:18 | Create | Villager (Male) |
| 25:18 | Create | Villager (Male) |
| 25:18 | Create | Villager (Male) |
| 25:19 | Create | Villager (Male) |
| 25:19 | Create | Villager (Male) |
| 25:19 | Create | Villager (Male) |
| 25:19 | Create | Villager (Male) |
| 25:20 | Create | Villager (Male) |
| 25:20 | Create | Villager (Male) |
| 25:20 | Create | Villager (Male) |
| 25:20 | Create | Villager (Male) |
| 25:20 | Create | Villager (Male) |
| 25:48 | Create | Villager (Male) |
| 25:48 | Create | Villager (Male) |
| 25:50 | Create | Villager (Male) |
| 25:51 | Create | Villager (Male) |
| 25:51 | Create | Villager (Male) |
| 25:51 | Create | Villager (Male) |
| 25:51 | Create | Villager (Male) |
| 25:52 | Create | Villager (Male) |
| 25:52 | Create | Villager (Male) |
| 25:52 | Create | Villager (Male) |
| 25:52 | Create | Villager (Male) |
| 25:52 | Create | Villager (Male) |
| 25:53 | Create | Villager (Male) |
| 26:05 | Create | Villager (Male) |
| 26:05 | Create | Villager (Male) |
| 26:05 | Create | Villager (Male) |
| 26:06 | Create | Villager (Male) |
| 26:06 | Create | Villager (Male) |
| 26:06 | Create | Villager (Male) |
| 26:06 | Create | Villager (Male) |
| 26:07 | Create | Villager (Male) |
| 26:42 | Build | Farm |
| 26:43 | Build | Farm |
| 26:44 | Build | Farm |
| 26:44 | Build | Farm |
| 26:53 | Build | Farm |
| 27:03 | Research | Stone Shaft Mining |
| 27:18 | Create | Villager (Male) |
| 27:46 | Build | Monastery |
| 28:07 | Research | Hand Cart |
| 28:17 | Research | Town Patrol |
| 28:28 | Research | Gold Shaft Mining |
| 28:37 | Create | Monk |
| 28:46 | Build | House |
| 28:47 | Build | House |
| 28:47 | Build | House |
| 28:47 | Build | House |
| 28:48 | Build | House |
| 29:21 | Build | Castle |
| 29:42 | Research | Heavy Plow |
| 31:47 | Create | Villager (Male) |
| 31:47 | Create | Villager (Male) |
| 31:48 | Create | Villager (Male) |
| 31:49 | Create | Villager (Male) |
| 31:50 | Create | Villager (Male) |
| 31:50 | Create | Villager (Male) |
| 32:13 | Research | Imperial Age |
| 32:29 | Build | Mining Camp |
| 32:42 | Create | Villager (Male) |
| 32:42 | Create | Villager (Male) |
| 32:42 | Create | Villager (Male) |
| 32:42 | Create | Villager (Male) |
| 32:43 | Create | Villager (Male) |
| 32:43 | Create | Villager (Male) |
| 32:43 | Create | Villager (Male) |
| 32:44 | Create | Villager (Male) |
| 32:51 | Create | Woad Raider ×2 |
| 32:51 | Create | Woad Raider ×2 |
Build order — Vorny104697
First 150 of 173 actions detected
| 0:05 | Create | Villager (Male) |
| 0:05 | Create | Villager (Male) |
| 0:06 | Create | Villager (Male) |
| 0:06 | Create | Villager (Male) |
| 0:06 | Create | Villager (Male) |
| 1:25 | Create | Villager (Male) |
| 1:25 | Create | Villager (Male) |
| 2:07 | Create | Villager (Male) |
| 2:08 | Create | Villager (Male) |
| 2:20 | Create | Villager (Male) |
| 2:21 | Create | Villager (Male) |
| 3:01 | Create | Villager (Male) |
| 3:13 | Create | Villager (Male) |
| 3:41 | Create | Villager (Male) |
| 4:20 | Create | Villager (Male) |
| 4:20 | Create | Villager (Male) |
| 4:21 | Create | Villager (Male) |
| 4:55 | Build | Mill |
| 5:02 | Create | Villager (Male) |
| 5:03 | Create | Villager (Male) |
| 5:03 | Create | Villager (Male) |
| 5:28 | Build | Lumber Camp |
| 6:23 | Create | Villager (Male) |
| 6:24 | Create | Villager (Male) |
| 6:24 | Create | Villager (Male) |
| 6:24 | Create | Villager (Male) |
| 6:57 | Build | Mining Camp |
| 8:10 | Create | Villager (Male) |
| 8:11 | Create | Villager (Male) |
| 8:12 | Create | Villager (Male) |
| 8:42 | Build | Mining Camp |
| 8:53 | Build | Mining Camp |
| 9:24 | Research | Feudal Age |
| 11:40 | Research | Wheelbarrow |
| 11:44 | Research | Gold Mining |
| 12:11 | Research | Double-Bit Axe |
| 12:52 | Create | Villager (Male) |
| 12:53 | Create | Villager (Male) |
| 12:53 | Create | Villager (Male) |
| 13:13 | Build | Stone Wall |
| 13:19 | Build | Building 490 |
| 13:35 | Build | Barracks |
| 13:54 | Research | Stone Mining |
| 14:27 | Create | Villager (Male) |
| 14:29 | Create | Villager (Male) |
| 14:42 | Create | Villager (Male) |
| 14:54 | Build | Archery Range |
| 14:58 | Build | Farm |
| 16:05 | Build | Market |
| 16:29 | Build | Farm |
| 16:33 | Build | Farm |
| 16:59 | Build | Farm |
| 17:00 | Build | Farm |
| 17:01 | Build | Farm |
| 17:05 | Build | Farm |
| 17:08 | Build | Farm |
| 17:11 | Build | Farm |
| 17:12 | Build | Farm |
| 17:14 | Build | Farm |
| 17:31 | Build | Watch Tower |
| 17:42 | Research | Horse Collar |
| 17:47 | Create | Villager (Male) |
| 17:48 | Create | Villager (Male) |
| 17:48 | Create | Villager (Male) |
| 17:48 | Create | Villager (Male) |
| 17:49 | Create | Villager (Male) |
| 17:49 | Create | Villager (Male) |
| 17:49 | Create | Villager (Male) |
| 18:48 | Build | Watch Tower |
| 19:49 | Build | Watch Tower |
| 20:07 | Build | Stable |
| 20:31 | Build | Farm |
| 20:55 | Build | Watch Tower |
| 21:21 | Research | Castle Age |
| 21:44 | Build | Blacksmith |
| 21:52 | Build | Watch Tower |
| 22:01 | Build | Watch Tower |
| 22:14 | Create | Skirmisher ×5 |
| 22:14 | Create | Skirmisher ×5 |
| 22:15 | Create | Skirmisher ×5 |
| 22:15 | Create | Skirmisher ×4 |
| 23:09 | Research | Fletching |
| 23:10 | Research | Padded Archer Armor |
| 23:30 | Build | Stone Wall |
| 23:37 | Build | Building 490 |
| 24:21 | Research | Elite Skirmisher (upgrade) |
| 24:41 | Research | Bodkin Arrow |
| 24:42 | Research | Leather Archer Armor |
| 25:28 | Build | Farm |
| 25:31 | Build | Farm |
| 25:38 | Build | Farm |
| 25:43 | Build | Farm |
| 25:48 | Build | Farm |
| 25:51 | Research | Gold Shaft Mining |
| 26:33 | Research | Bow Saw |
| 26:46 | Build | Castle |
| 27:22 | Create | Villager (Male) |
| 27:22 | Create | Villager (Male) |
| 27:23 | Create | Villager (Male) |
| 27:23 | Create | Villager (Male) |
| 27:23 | Create | Villager (Male) |
| 27:37 | Research | Hand Cart |
| 28:59 | Create | Villager (Male) |
| 28:59 | Create | Villager (Male) |
| 29:00 | Create | Villager (Male) |
| 29:00 | Create | Villager (Male) |
| 29:00 | Create | Villager (Male) |
| 29:01 | Create | Villager (Male) |
| 29:01 | Create | Villager (Male) |
| 29:01 | Create | Villager (Male) |
| 29:01 | Create | Villager (Male) |
| 29:02 | Create | Villager (Male) |
| 29:02 | Create | Villager (Male) |
| 29:02 | Create | Villager (Male) |
| 29:02 | Create | Villager (Male) |
| 29:03 | Create | Villager (Male) |
| 29:03 | Create | Villager (Male) |
| 29:31 | Build | Farm |
| 29:50 | Create | Skirmisher ×5 |
| 30:17 | Research | Pikeman (upgrade) |
| 31:05 | Create | Skirmisher ×5 |
| 31:06 | Create | Skirmisher ×4 |
| 31:28 | Research | Heavy Plow |
| 32:22 | Research | Thumb Ring |
| 32:31 | Build | University |
| 32:44 | Build | Farm |
| 33:34 | Create | Skirmisher ×5 |
| 33:34 | Create | Skirmisher ×5 |
| 33:34 | Create | Skirmisher ×5 |
| 33:35 | Create | Skirmisher ×5 |
| 33:45 | Build | Archery Range |
| 34:10 | Create | Villager (Male) ×5 |
| 34:10 | Create | Villager (Male) ×5 |
| 34:16 | Research | Ballistics |
| 34:59 | Create | Skirmisher ×4 |
| 35:00 | Create | Skirmisher ×4 |
| 35:00 | Create | Skirmisher ×4 |
| 35:08 | Create | Skirmisher ×5 |
| 35:08 | Create | Skirmisher ×5 |
| 35:08 | Create | Skirmisher ×5 |
| 35:08 | Create | Skirmisher ×5 |
| 35:08 | Create | Skirmisher ×3 |
| 35:21 | Build | Farm |
| 35:51 | Build | Archery Range |
| 36:26 | Research | Murder Holes |
| 36:51 | Create | Skirmisher ×5 |
| 36:51 | Create | Skirmisher ×5 |
| 36:52 | Create | Skirmisher ×5 |
| 36:52 | Create | Skirmisher ×5 |
| 36:52 | Create | Skirmisher ×5 |
Build order — 省略完美
75 actions detected in the replay
| 0:06 | Build | House |
| 0:10 | Build | House |
| 0:16 | Create | Villager (Male) |
| 0:17 | Create | Villager (Male) |
| 0:17 | Create | Villager (Male) |
| 0:17 | Create | Villager (Male) |
| 0:18 | Create | Villager (Male) |
| 0:18 | Create | Villager (Male) |
| 1:57 | Build | Lumber Camp |
| 1:59 | Create | Villager (Male) |
| 2:00 | Create | Villager (Male) |
| 2:50 | Create | Villager (Male) |
| 2:51 | Create | Villager (Male) |
| 2:51 | Create | Villager (Male) |
| 3:31 | Create | Villager (Male) |
| 3:31 | Create | Villager (Male) |
| 3:32 | Create | Villager (Male) |
| 4:08 | Build | House |
| 4:10 | Build | House |
| 4:17 | Create | Villager (Male) |
| 4:17 | Create | Villager (Male) |
| 4:17 | Create | Villager (Male) |
| 4:48 | Build | Mill |
| 4:57 | Create | Villager (Male) |
| 4:57 | Create | Villager (Male) |
| 5:25 | Create | Villager (Male) |
| 5:26 | Create | Villager (Male) |
| 6:57 | Create | Villager (Male) |
| 6:58 | Create | Villager (Male) |
| 8:11 | Build | Mining Camp |
| 8:25 | Create | Villager (Male) |
| 8:50 | Create | Villager (Male) |
| 9:25 | Build | Mining Camp |
| 9:30 | Research | Feudal Age |
| 11:34 | Age | Feudal Age |
| 11:42 | Create | Villager (Male) |
| 11:43 | Create | Villager (Male) |
| 11:43 | Create | Villager (Male) |
| 11:43 | Create | Villager (Male) |
| 11:44 | Create | Villager (Male) |
| 11:46 | Research | Double-Bit Axe |
| 11:47 | Research | Horse Collar |
| 12:09 | Build | House |
| 12:16 | Research | Stone Mining |
| 12:45 | Build | House |
| 13:06 | Build | Barracks |
| 13:12 | Build | Blacksmith |
| 13:25 | Create | Villager (Male) |
| 13:26 | Create | Villager (Male) |
| 14:08 | Build | Farm |
| 14:11 | Build | Farm |
| 14:15 | Build | Farm |
| 14:23 | Build | Farm |
| 14:26 | Build | Farm |
| 14:29 | Build | Farm |
| 14:31 | Build | Farm |
| 14:42 | Build | Farm |
| 14:50 | Create | Villager (Male) |
| 15:09 | Build | Stable |
| 15:19 | Create | Villager (Male) |
| 15:19 | Create | Villager (Male) |
| 15:56 | Build | Farm |
| 16:04 | Create | Villager (Male) |
| 16:07 | Build | Farm |
| 16:13 | Build | House |
| 16:27 | Create | Villager (Male) |
| 16:33 | Build | Farm |
| 16:40 | Build | Farm |
| 16:43 | Build | Farm |
| 16:47 | Build | Farm |
| 16:51 | Build | Farm |
| 16:54 | Build | Farm |
| 17:03 | Build | Farm |
| 17:29 | Build | Farm |
| 17:38 | Research | Castle Age |
Build order — The Wuhan Bat
119 actions detected in the replay
| 0:10 | Build | House |
| 0:19 | Create | Villager (Male) ×4 |
| 1:42 | Create | Villager (Male) |
| 2:09 | Create | Villager (Male) |
| 2:57 | Build | House |
| 3:00 | Research | Loom |
| 3:13 | Build | House |
| 3:16 | Build | House |
| 3:33 | Create | Villager (Male) ×3 |
| 3:58 | Create | Villager (Male) |
| 3:58 | Create | Villager (Male) |
| 5:23 | Create | Villager (Male) ×5 |
| 6:06 | Create | Villager (Male) |
| 6:06 | Create | Villager (Male) |
| 6:33 | Build | Mill |
| 6:46 | Create | Villager (Male) ×5 |
| 8:25 | Build | House |
| 9:05 | Build | Lumber Camp |
| 9:12 | Create | Villager (Male) ×5 |
| 9:35 | Research | Feudal Age |
| 9:53 | Build | House |
| 10:32 | Build | House |
| 10:34 | Build | House |
| 10:35 | Build | House |
| 10:41 | Create | Villager (Male) ×5 |
| 11:47 | Age | Feudal Age |
| 11:54 | Research | Double-Bit Axe |
| 11:58 | Research | Horse Collar |
| 12:10 | Build | Donjon |
| 12:32 | Build | Lumber Camp |
| 12:44 | Build | Farm |
| 13:06 | Build | Farm |
| 13:35 | Create | Villager (Male) ×5 |
| 13:42 | Build | Mining Camp |
| 13:59 | Create | Villager (Male) ×5 |
| 14:38 | Build | Farm |
| 14:43 | Build | Farm |
| 14:50 | Build | Farm |
| 14:58 | Build | Farm |
| 15:13 | Build | Farm |
| 15:21 | Build | Farm |
| 15:27 | Build | Farm |
| 15:35 | Build | Farm |
| 16:00 | Build | Barracks |
| 16:14 | Build | Blacksmith |
| 16:21 | Build | Stone Wall |
| 16:28 | Build | Building 490 |
| 16:45 | Build | Market |
| 16:58 | Build | Farm |
| 17:14 | Create | Spearman ×5 |
| 18:13 | Build | Mining Camp |
| 18:24 | Build | Farm |
| 18:33 | Build | Farm |
| 18:43 | Build | House |
| 18:44 | Build | House |
| 18:46 | Build | House |
| 18:47 | Build | House |
| 20:16 | Research | Castle Age |
| 20:22 | Create | Serjeant ×3 |
| 20:38 | Research | Forging |
| 20:39 | Research | Scale Mail Armor |
| 21:20 | Build | Mining Camp |
| 21:39 | Create | Serjeant ×5 |
| 22:17 | Build | Donjon |
| 22:29 | Research | Fletching |
| 22:56 | Age | Castle Age |
| 23:20 | Build | House |
| 23:20 | Build | House |
| 23:21 | Build | House |
| 23:21 | Build | House |
| 23:22 | Build | House |
| 23:22 | Build | House |
| 23:22 | Build | House |
| 23:28 | Build | Lumber Camp |
| 23:31 | Research | Iron Casting |
| 24:02 | Build | Siege Workshop |
| 24:08 | Build | Donjon |
| 24:13 | Create | Serjeant ×5 |
| 25:00 | Build | Siege Workshop |
| 25:08 | Create | Villager (Male) |
| 25:09 | Create | Villager (Male) |
| 25:09 | Create | Villager (Male) |
| 25:20 | Build | House |
| 25:22 | Build | House |
| 25:23 | Build | House |
| 25:26 | Build | House |
| 25:28 | Build | House |
| 25:30 | Build | House |
| 25:31 | Build | House |
| 25:32 | Build | House |
| 25:33 | Build | House |
| 25:51 | Create | Serjeant ×5 |
| 26:16 | Research | Chain Mail Armor |
| 26:40 | Create | Battering Ram |
| 26:55 | Create | Serjeant |
| 26:55 | Create | Serjeant |
| 27:01 | Create | Serjeant |
| 27:05 | Create | Battering Ram |
| 27:51 | Create | Serjeant ×4 |
| 29:04 | Build | Donjon |
| 29:14 | Build | Building 487 |
| 31:09 | Build | Town Center |
| 31:24 | Build | Town Center |
| 32:27 | Create | Villager (Male) |
| 32:28 | Create | Villager (Male) |
| 32:28 | Create | Villager (Male) |
| 32:57 | Create | Villager (Male) |
| 32:57 | Create | Villager (Male) |
| 36:29 | Build | Town Center |
| 37:38 | Build | Mining Camp |
| 37:58 | Build | Stone Wall |
| 38:14 | Build | Building 487 |
| 38:47 | Build | Outpost |
| 39:01 | Research | Town Watch |
| 40:18 | Build | Stone Wall |
| 40:26 | Build | Stone Wall |
| 41:26 | Build | Stone Wall |
| 41:51 | Build | Stone Wall |
| 43:04 | Build | Lumber Camp |
Build order — West_Ausborne
First 150 of 172 actions detected
| 0:01 | Create | Villager (Male) |
| 0:02 | Create | Villager (Male) |
| 0:02 | Create | Villager (Male) |
| 0:02 | Create | Villager (Male) |
| 0:06 | Build | House |
| 0:10 | Build | House |
| 1:43 | Create | Villager (Male) |
| 1:43 | Create | Villager (Male) |
| 2:28 | Build | Lumber Camp |
| 3:15 | Create | Villager (Male) |
| 3:15 | Create | Villager (Male) |
| 3:16 | Create | Villager (Male) |
| 3:16 | Create | Villager (Male) |
| 3:48 | Build | House |
| 4:13 | Create | Villager (Male) |
| 4:23 | Build | House |
| 5:00 | Create | Villager (Male) |
| 5:01 | Create | Villager (Male) |
| 5:01 | Create | Villager (Male) |
| 5:28 | Create | Villager (Male) |
| 5:28 | Create | Villager (Male) |
| 5:39 | Build | Mill |
| 6:54 | Create | Villager (Male) |
| 6:55 | Create | Villager (Male) |
| 6:58 | Create | Villager (Male) |
| 8:15 | Create | Villager (Male) |
| 8:15 | Create | Villager (Male) |
| 8:16 | Create | Villager (Male) |
| 8:41 | Build | House |
| 8:45 | Build | House |
| 8:47 | Build | House |
| 8:56 | Build | House |
| 9:27 | Research | Feudal Age |
| 10:03 | Build | Barracks |
| 10:41 | Build | Mining Camp |
| 11:45 | Age | Feudal Age |
| 11:54 | Build | Stone Wall |
| 12:05 | Build | Building 487 |
| 12:14 | Create | Villager (Male) |
| 12:14 | Create | Villager (Male) |
| 12:15 | Create | Villager (Male) |
| 12:15 | Create | Villager (Male) |
| 12:26 | Build | House |
| 12:52 | Build | Farm |
| 12:54 | Build | Farm |
| 12:57 | Build | Farm |
| 12:59 | Build | Farm |
| 13:10 | Create | Villager (Male) |
| 13:10 | Create | Villager (Male) |
| 13:11 | Create | Villager (Male) |
| 13:11 | Create | Villager (Male) |
| 14:17 | Create | Villager (Male) |
| 14:17 | Create | Villager (Male) |
| 14:18 | Create | Villager (Male) |
| 14:42 | Build | Farm |
| 14:44 | Build | Farm |
| 14:47 | Build | Farm |
| 14:48 | Build | Farm |
| 14:53 | Build | Farm |
| 14:55 | Build | Farm |
| 14:57 | Build | Farm |
| 14:59 | Build | Farm |
| 15:11 | Create | Villager (Male) |
| 15:11 | Create | Villager (Male) |
| 15:12 | Create | Villager (Male) |
| 15:54 | Research | Double-Bit Axe |
| 16:12 | Build | Watch Tower |
| 17:10 | Build | Lumber Camp |
| 17:20 | Create | Villager (Male) |
| 17:20 | Create | Villager (Male) |
| 17:20 | Create | Villager (Male) |
| 17:23 | Research | Horse Collar |
| 17:23 | Research | Horse Collar |
| 17:24 | Research | Horse Collar |
| 17:35 | Build | Blacksmith |
| 18:13 | Create | Spearman |
| 18:13 | Create | Spearman |
| 18:13 | Create | Spearman |
| 18:23 | Build | Farm |
| 18:34 | Build | Farm |
| 18:50 | Build | Farm |
| 18:55 | Create | Villager (Male) |
| 18:56 | Create | Villager (Male) |
| 18:56 | Create | Villager (Male) |
| 18:56 | Create | Villager (Male) |
| 19:42 | Build | Mining Camp |
| 20:55 | Build | Barracks |
| 20:55 | Build | Barracks |
| 21:07 | Build | Farm |
| 21:07 | Build | Farm |
| 21:07 | Build | Farm |
| 21:07 | Build | Farm |
| 21:08 | Build | Farm |
| 21:08 | Build | Farm |
| 21:10 | Build | Farm |
| 21:14 | Build | Farm |
| 21:20 | Create | Villager (Male) |
| 21:43 | Build | Stable |
| 21:56 | Build | Lumber Camp |
| 22:35 | Build | Farm |
| 22:40 | Build | Farm |
| 22:48 | Build | Farm |
| 23:18 | Research | Stone Mining |
| 23:57 | Build | House |
| 23:59 | Build | House |
| 24:01 | Build | House |
| 24:03 | Build | House |
| 24:07 | Build | House |
| 24:17 | Research | Castle Age |
| 24:58 | Research | Fletching |
| 26:57 | Age | Castle Age |
| 27:18 | Build | Castle |
| 31:02 | Research | Corvinian Army |
| 31:12 | Research | Scale Barding Armor |
| 31:45 | Create | Magyar Huszar |
| 31:46 | Create | Magyar Huszar |
| 31:46 | Create | Magyar Huszar |
| 31:46 | Create | Magyar Huszar |
| 31:46 | Create | Magyar Huszar |
| 31:47 | Create | Magyar Huszar |
| 31:47 | Create | Magyar Huszar |
| 31:47 | Create | Magyar Huszar |
| 31:47 | Create | Magyar Huszar |
| 31:48 | Create | Magyar Huszar |
| 31:48 | Create | Magyar Huszar |
| 31:48 | Create | Magyar Huszar |
| 31:48 | Create | Magyar Huszar |
| 31:48 | Create | Magyar Huszar |
| 31:49 | Create | Magyar Huszar |
| 31:49 | Create | Magyar Huszar |
| 32:19 | Build | Lumber Camp |
| 33:54 | Build | Castle |
| 35:33 | Create | Magyar Huszar |
| 35:33 | Create | Magyar Huszar |
| 35:33 | Create | Magyar Huszar |
| 35:34 | Create | Magyar Huszar |
| 35:34 | Create | Magyar Huszar |
| 35:34 | Create | Magyar Huszar |
| 35:34 | Create | Magyar Huszar |
| 35:34 | Create | Magyar Huszar |
| 35:35 | Create | Magyar Huszar |
| 35:35 | Create | Magyar Huszar |
| 35:35 | Create | Magyar Huszar |
| 35:35 | Create | Magyar Huszar |
| 35:36 | Create | Magyar Huszar |
| 35:36 | Create | Magyar Huszar |
| 35:36 | Create | Magyar Huszar |
| 35:36 | Create | Magyar Huszar |
| 36:13 | Build | Lumber Camp |
| 36:28 | Create | Magyar Huszar |
Build order — percohuang
First 150 of 328 actions detected
| 0:53 | Create | Villager (Male) |
| 0:53 | Create | Villager (Male) |
| 1:19 | Create | Villager (Male) |
| 1:19 | Create | Villager (Male) |
| 1:19 | Create | Villager (Male) |
| 1:46 | Create | Villager (Male) |
| 1:46 | Create | Villager (Male) |
| 2:30 | Create | Villager (Male) |
| 2:30 | Create | Villager (Male) |
| 2:30 | Create | Villager (Male) |
| 2:31 | Create | Villager (Male) |
| 2:31 | Create | Villager (Male) |
| 3:04 | Create | Villager (Male) |
| 3:04 | Create | Villager (Male) |
| 3:04 | Create | Villager (Male) |
| 3:12 | Build | House |
| 3:15 | Build | House |
| 3:18 | Build | House |
| 3:20 | Create | Villager (Male) |
| 3:20 | Create | Villager (Male) |
| 3:21 | Create | Villager (Male) |
| 3:30 | Create | Villager (Male) |
| 3:31 | Create | Villager (Male) |
| 3:31 | Create | Villager (Male) |
| 3:59 | Create | Villager (Male) |
| 3:59 | Create | Villager (Male) |
| 3:59 | Create | Villager (Male) |
| 5:27 | Create | Villager (Male) |
| 5:27 | Create | Villager (Male) |
| 5:27 | Create | Villager (Male) |
| 5:28 | Create | Villager (Male) |
| 5:28 | Create | Villager (Male) |
| 5:35 | Build | House |
| 5:36 | Build | House |
| 5:53 | Create | Villager (Male) |
| 5:53 | Create | Villager (Male) |
| 6:30 | Build | Lumber Camp |
| 7:29 | Build | House |
| 8:24 | Create | Villager (Male) |
| 8:24 | Create | Villager (Male) |
| 8:25 | Create | Villager (Male) |
| 8:25 | Create | Villager (Male) |
| 8:28 | Create | Villager (Male) |
| 8:29 | Create | Villager (Male) |
| 8:52 | Build | Barracks |
| 9:20 | Build | Mining Camp |
| 9:29 | Build | Mill |
| 10:57 | Research | Feudal Age |
| 11:20 | Build | House |
| 11:21 | Build | House |
| 11:23 | Build | House |
| 11:24 | Build | House |
| 12:08 | Create | Militia |
| 12:08 | Create | Militia |
| 12:09 | Create | Militia |
| 12:09 | Create | Militia |
| 12:09 | Create | Militia |
| 12:56 | Create | Militia |
| 12:56 | Create | Militia |
| 12:57 | Create | Militia |
| 12:57 | Create | Militia |
| 12:57 | Create | Militia |
| 13:07 | Age | Feudal Age |
| 13:37 | Build | Market |
| 13:50 | Build | Stable |
| 14:15 | Build | Mill |
| 14:29 | Create | Villager (Male) |
| 14:30 | Create | Villager (Male) |
| 14:30 | Create | Villager (Male) |
| 14:30 | Create | Villager (Male) |
| 14:31 | Create | Villager (Male) |
| 14:31 | Create | Villager (Male) |
| 14:59 | Research | Arson |
| 15:39 | Build | Stone Wall |
| 15:46 | Build | Building 673 |
| 15:53 | Create | Villager (Male) |
| 15:54 | Create | Villager (Male) |
| 16:21 | Research | Man-at-Arms (upgrade) |
| 16:28 | Build | Blacksmith |
| 16:48 | Create | Villager (Male) |
| 16:48 | Create | Villager (Male) |
| 16:49 | Create | Villager (Male) |
| 16:49 | Create | Villager (Male) |
| 17:01 | Research | Horse Collar |
| 17:12 | Build | Farm |
| 17:13 | Build | Farm |
| 17:15 | Build | Farm |
| 17:17 | Build | Farm |
| 17:19 | Build | Farm |
| 17:21 | Build | Farm |
| 17:39 | Build | Stable |
| 17:43 | Build | Farm |
| 18:08 | Create | Villager (Male) |
| 18:09 | Create | Villager (Male) |
| 18:09 | Create | Villager (Male) |
| 18:20 | Build | Mining Camp |
| 18:41 | Build | House |
| 18:43 | Build | House |
| 18:44 | Build | House |
| 19:50 | Create | Villager (Male) |
| 19:51 | Create | Villager (Male) |
| 19:51 | Create | Villager (Male) |
| 19:51 | Create | Villager (Male) |
| 20:19 | Build | Farm |
| 20:35 | Build | Mill |
| 20:48 | Build | Farm |
| 21:11 | Build | Farm |
| 21:14 | Create | Villager (Male) |
| 21:15 | Create | Villager (Male) |
| 22:16 | Research | Wheelbarrow |
| 22:25 | Build | Farm |
| 23:12 | Research | Castle Age |
| 23:31 | Build | Farm |
| 24:46 | Research | Forging |
| 24:46 | Research | Scale Barding Armor |
| 24:53 | Create | Trade Cart |
| 24:53 | Create | Trade Cart |
| 24:53 | Create | Trade Cart |
| 24:53 | Create | Trade Cart |
| 24:54 | Create | Trade Cart |
| 24:54 | Create | Trade Cart |
| 24:54 | Create | Trade Cart |
| 24:54 | Create | Trade Cart |
| 24:55 | Create | Trade Cart |
| 24:55 | Create | Trade Cart |
| 24:55 | Create | Trade Cart |
| 25:20 | Build | House |
| 25:21 | Build | House |
| 25:22 | Build | House |
| 25:45 | Build | Stone Wall |
| 25:54 | Build | Building 490 |
| 26:12 | Research | Double-Bit Axe |
| 26:14 | Research | Gold Mining |
| 26:16 | Age | Castle Age |
| 26:18 | Research | Stone Mining |
| 26:31 | Research | Iron Casting |
| 26:32 | Research | Chain Barding Armor |
| 26:41 | Build | Blacksmith |
| 26:49 | Create | Villager (Male) |
| 26:50 | Create | Villager (Male) |
| 26:51 | Create | Villager (Male) |
| 26:51 | Create | Villager (Male) |
| 26:51 | Create | Villager (Male) |
| 26:51 | Create | Villager (Male) |
| 26:52 | Create | Villager (Male) |
| 27:22 | Research | Heavy Plow |
| 27:24 | Research | Bow Saw |
| 27:27 | Research | Gold Shaft Mining |
| 28:24 | Build | Mining Camp |
| 28:29 | Research | Hand Cart |
Build order — 夜晚的奖励哥
136 actions detected in the replay
| 0:14 | Build | House |
| 0:16 | Create | Villager (Male) |
| 0:16 | Create | Villager (Male) |
| 0:16 | Create | Villager (Male) |
| 0:17 | Create | Villager (Male) |
| 0:20 | Build | House |
| 1:51 | Create | Villager (Male) |
| 1:51 | Create | Villager (Male) |
| 1:51 | Create | Villager (Male) |
| 1:51 | Create | Villager (Male) |
| 2:12 | Build | Lumber Camp |
| 2:28 | Create | Villager (Male) |
| 2:28 | Create | Villager (Male) |
| 2:29 | Create | Villager (Male) |
| 2:46 | Create | Villager (Male) |
| 2:46 | Create | Villager (Male) |
| 2:46 | Create | Villager (Male) |
| 2:47 | Create | Villager (Male) |
| 2:55 | Create | Villager (Male) |
| 2:56 | Create | Villager (Male) |
| 2:56 | Create | Villager (Male) |
| 2:56 | Create | Villager (Male) |
| 3:45 | Create | Villager (Male) |
| 3:45 | Create | Villager (Male) |
| 3:45 | Create | Villager (Male) |
| 3:45 | Create | Villager (Male) |
| 4:17 | Build | House |
| 4:29 | Build | House |
| 4:29 | Build | House |
| 4:29 | Build | House |
| 4:36 | Create | Villager (Male) |
| 4:36 | Create | Villager (Male) |
| 4:36 | Create | Villager (Male) |
| 4:36 | Create | Villager (Male) |
| 4:49 | Create | Villager (Male) |
| 4:50 | Create | Villager (Male) |
| 4:50 | Create | Villager (Male) |
| 4:50 | Create | Villager (Male) |
| 4:50 | Create | Villager (Male) |
| 5:15 | Create | Villager (Male) |
| 5:15 | Create | Villager (Male) |
| 6:03 | Create | Villager (Male) |
| 6:03 | Create | Villager (Male) |
| 6:03 | Create | Villager (Male) |
| 6:16 | Build | Farm |
| 6:21 | Create | Villager (Male) |
| 6:21 | Create | Villager (Male) |
| 6:22 | Create | Villager (Male) |
| 6:33 | Build | Farm |
| 6:39 | Build | Farm |
| 6:55 | Create | Villager (Male) |
| 6:55 | Create | Villager (Male) |
| 6:56 | Create | Villager (Male) |
| 6:56 | Create | Villager (Male) |
| 7:02 | Build | Farm |
| 7:21 | Create | Villager (Male) |
| 7:21 | Create | Villager (Male) |
| 7:26 | Build | Farm |
| 7:55 | Build | Farm |
| 7:59 | Create | Villager (Male) |
| 7:59 | Create | Villager (Male) |
| 8:15 | Build | House |
| 8:15 | Build | House |
| 8:17 | Build | House |
| 8:18 | Build | House |
| 8:25 | Create | Villager (Male) |
| 8:25 | Create | Villager (Male) |
| 8:42 | Build | Mill |
| 8:55 | Build | Farm |
| 9:04 | Build | Farm |
| 9:29 | Build | Farm |
| 9:41 | Create | Villager (Male) |
| 9:55 | Build | Farm |
| 10:17 | Create | Villager (Male) |
| 10:17 | Create | Villager (Male) |
| 10:24 | Build | Farm |
| 10:45 | Research | Feudal Age |
| 10:45 | Research | Feudal Age |
| 10:45 | Research | Feudal Age |
| 10:51 | Build | Mining Camp |
| 11:38 | Build | House |
| 11:38 | Build | House |
| 11:40 | Build | House |
| 11:40 | Build | House |
| 11:49 | Create | Villager (Male) |
| 11:49 | Create | Villager (Male) |
| 12:55 | Age | Feudal Age |
| 13:44 | Create | Villager (Male) |
| 14:03 | Research | Castle Age |
| 14:04 | Research | Castle Age |
| 14:04 | Research | Castle Age |
| 14:21 | Build | Stable |
| 14:21 | Build | Stable |
| 14:21 | Build | Stable |
| 14:22 | Build | Stable |
| 14:24 | Build | Stable |
| 14:24 | Build | Stable |
| 14:24 | Build | Stable |
| 14:35 | Research | Double-Bit Axe |
| 14:35 | Research | Double-Bit Axe |
| 14:40 | Research | Horse Collar |
| 14:40 | Research | Horse Collar |
| 15:01 | Research | Gold Mining |
| 15:01 | Research | Gold Mining |
| 15:01 | Research | Gold Mining |
| 15:37 | Build | Palisade Wall |
| 15:39 | Build | Palisade Wall |
| 15:43 | Build | Building 796 |
| 15:51 | Research | Stone Mining |
| 15:52 | Research | Stone Mining |
| 15:59 | Research | Bloodlines |
| 15:59 | Research | Bloodlines |
| 15:59 | Research | Bloodlines |
| 16:10 | Create | Villager (Male) |
| 16:50 | Age | Castle Age |
| 17:09 | Build | Town Center |
| 17:18 | Create | Villager (Male) |
| 17:18 | Create | Villager (Male) |
| 17:18 | Create | Villager (Male) |
| 17:32 | Research | Light Cavalry (upgrade) |
| 17:32 | Research | Light Cavalry (upgrade) |
| 17:45 | Research | Bow Saw |
| 17:45 | Research | Bow Saw |
| 17:45 | Research | Bow Saw |
| 18:10 | Build | Farm |
| 18:10 | Build | Farm |
| 18:10 | Build | Farm |
| 18:14 | Create | Villager (Male) |
| 18:14 | Create | Villager (Male) |
| 18:29 | Create | Villager (Male) |
| 18:29 | Create | Villager (Male) |
| 18:30 | Create | Villager (Male) |
| 18:52 | Research | Heavy Plow |
| 19:11 | Create | Villager (Male) |
| 19:16 | Create | Villager (Male) |
| 19:17 | Create | Villager (Male) |
Match timeline
| 8:52 | percohuang · first_building Barracks |
| 10:03 | West_Ausborne · first_building Barracks |
| 10:52 | AchievingKitKat · age_up feudal |
| 11:10 | AchievingKitKat · wall_segment Stone Wall x18 |
| 11:34 | 省略完美 · age_up feudal |
| 11:45 | West_Ausborne · age_up feudal |
| 11:47 | The Wuhan Bat · age_up feudal |
| 11:54 | West_Ausborne · wall_segment Stone Wall x15 |
| 12:10 | The Wuhan Bat · first_building Donjon |
| 12:55 | 夜晚的奖励哥 · age_up feudal |
| 13:06 | 省略完美 · first_building Barracks |
| 13:07 | percohuang · age_up feudal |
| 13:13 | Vorny104697 · wall_segment Stone Wall x18 |
| 13:25 | Twixxo · first_building Barracks |
| 13:35 | Vorny104697 · first_building Barracks |
| 13:50 | percohuang · first_building Stable |
| 14:14 | Twixxo · age_up feudal |
| 14:21 | 夜晚的奖励哥 · first_building Stable |
| 14:43 | AchievingKitKat · first_building Barracks |
| 14:54 | Vorny104697 · first_building Archery Range |
| 15:07 | Twixxo · wall_segment Stone Wall x6 |
| 15:09 | 省略完美 · first_building Stable |
| 15:11 | Twixxo · wall_segment Stone Wall x6 |
| 15:16 | Twixxo · wall_segment Stone Wall x2 |
| 15:37 | 夜晚的奖励哥 · wall_segment Palisade Wall x3 |
| 15:39 | percohuang · wall_segment Stone Wall x8 |
| 15:39 | 夜晚的奖励哥 · wall_segment Palisade Wall x1 |
| 16:00 | The Wuhan Bat · first_building Barracks |
| 16:21 | The Wuhan Bat · wall_segment Stone Wall x16 |
| 16:50 | 夜晚的奖励哥 · age_up castle |
| 17:36 | Twixxo · wall_segment Stone Wall x5 |
| 17:38 | Twixxo · wall_segment Stone Wall x6 |
| 18:49 | 省略完美 · resign |
| 20:07 | Vorny104697 · first_building Stable |
| 20:30 | The Wuhan Bat · first_market_sell 500 wood |
| 20:30 | Twixxo · first_building Stable |
| 20:31 | The Wuhan Bat · first_market_buy 100 food |
| 20:44 | Twixxo · wall_segment Stone Wall x6 |
| 20:47 | Twixxo · wall_segment Stone Wall x5 |
| 21:43 | West_Ausborne · first_building Stable |
| 22:56 | The Wuhan Bat · age_up castle |
| 23:30 | Vorny104697 · wall_segment Stone Wall x18 |
| 23:57 | AchievingKitKat · age_up castle |
| 24:02 | The Wuhan Bat · first_building Siege Workshop |
| 25:45 | percohuang · wall_segment Stone Wall x18 |
| 26:00 | Twixxo · age_up castle |
| 26:01 | Twixxo · first_market_sell 100 food |
| 26:01 | Twixxo · first_market_buy 100 wood |
| 26:16 | percohuang · age_up castle |
| 26:46 | Vorny104697 · first_building Castle |
| 26:57 | West_Ausborne · age_up castle |
| 27:18 | West_Ausborne · first_building Castle |
| 27:34 | Twixxo · first_building Siege Workshop |
| 27:46 | AchievingKitKat · first_building Monastery |
| 29:21 | AchievingKitKat · first_building Castle |
| 29:46 | Twixxo · first_building Monastery |
| 30:16 | percohuang · first_building Castle |
| 32:07 | AchievingKitKat · first_market_sell 100 food |
| 35:23 | AchievingKitKat · age_up imperial |
| 35:30 | Twixxo · first_building Castle |
| 35:38 | Twixxo · age_up imperial |
| 35:41 | AchievingKitKat · first_market_buy 100 food |
| 36:20 | Vorny104697 · first_market_buy 100 stone |
| 37:27 | percohuang · age_up imperial |
| 37:58 | The Wuhan Bat · wall_segment Stone Wall x15 |
| 40:18 | The Wuhan Bat · wall_segment Stone Wall x2 |
| 40:26 | The Wuhan Bat · wall_segment Stone Wall x10 |
| 41:26 | The Wuhan Bat · wall_segment Stone Wall x18 |
| 41:51 | The Wuhan Bat · wall_segment Stone Wall x13 |
[ AI ANALYSIS · 1 CREDIT ]
What really happened in this match?
Wolo.gg analyzes every decision: build order, eco, micro, common mistakes by bracket. Personalized analysis on WhatsApp or Discord in 30 seconds.
Civ guide
Teutons
Map guide
Glade
Perfil
Twixxo